 Dungeon Crawl Stone Soup version 0.18.1-1-g2f07953 (webtiles) character file.

849 Ellandar the Basher (level 7, -7/57 HPs)
             Began as a Minotaur Fighter on Aug 31, 2016.
             Mangled by an ogre
             ... wielding a +0 giant spiked club
              (20 damage)
             ... on level 4 of the Dungeon.
             The game lasted 00:09:33 (4133 turns).

Ellandar the Basher (Minotaur Fighter)              Turns: 4133, Time: 00:09:34

Health: -7/57      AC: 12    Str: 20    XL:     7   Next: 69%
Magic:  6/6        EV:  7    Int:  5    God:
Gold:   308        SH:  0    Dex: 12    Spells: 0 memorised, 6 levels left

rFire  . . .     SeeInvis .     B - +0 dire flail
rCold  . . .     Gourm    .     A - +0 chain mail
rNeg   . . .     Faith    .     (shield currently unavailable)
rPois  .         Spirit   .     d - +1 hat {MR+}
rElec  .         Dismiss  .     h - +0 cloak
rCorr  .         Reflect  .     q - +0 pair of gloves
SustAt .         Harm     .     (no boots)
MR     +....                    (no amulet)
Stlth  ..........               (no ring)
                                (no ring)

@: somewhat resistant to hostile enchantments, extremely unstealthy
A: retaliatory headbutt, horns 2
a: no special abilities


You were on level 4 of the Dungeon.
You were not hungry.

You visited 1 branch of the dungeon, and saw 5 of its levels.

You collected 308 gold pieces.

Inventory:

Hand Weapons
 a - a +0 flail
 B - a +0 dire flail (weapon)
 C - a -3 mace
Armour
 b - a +0 scale mail
 c - a +0 shield
 d - a +1 hat of magic resistance (worn)
 h - a +0 cloak (worn)
 j - a +2 buckler
 q - a +0 pair of gloves (worn)
 A - a +0 chain mail (worn)
Jewellery
 l - a cursed ring of teleportation {unknown}
 L - an uncursed amulet of guardian spirit
Wands
 t - a wand of digging (10/24)
 v - a wand of acid (8/15)
Scrolls
 e - a scroll of blinking {unknown}
 g - 5 scrolls of identify
 k - a scroll of fog
 m - a scroll of magic mapping
 n - a scroll of noise
 r - a scroll of teleportation {unknown}
 s - 2 scrolls of enchant armour {unknown}
 w - a scroll of random uselessness {unknown}
 x - 2 scrolls of fear {unknown}
 y - 2 scrolls of recharging {unknown}
 D - a scroll of immolation {unknown}
 G - 2 scrolls of enchant weapon {unknown}
 I - a scroll of remove curse
Potions
 i - a potion of flight
 p - 2 potions of resistance
 z - a potion of brilliance
 F - a potion of heal wounds {unknown}
 H - a potion of haste {unknown}
 K - 2 potions of curing {unknown}
Comestibles
 f - 6 bread rations
 o - 2 meat rations
 u - 2 fruits
 J - a royal jelly


   Skills:
 - Level 3.6 Fighting
 * Level 10.6 Maces & Flails
 - Level 3.6 Armour
 - Level 3.6 Shields


You had 6 spell levels left.
You didn't know any spells.

Dungeon Overview and Level Annotations

Branches:
Dungeon (5/15)
 Temple: D:4-7

Altars:
Nemelex Xobeh


Innate Abilities, Weirdness & Mutations

You reflexively headbutt those who attack you in melee.
You have a pair of horns on your head.


Message History

You sock the ogre!
The ogre is severely wounded.
You hit the ogre.
The ogre is severely wounded.
The ogre hits you with a giant spiked club!!
* * * LOW HITPOINT WARNING * * *
You are too injured to fight recklessly!
You are too injured to fight recklessly!
You are too injured to fight recklessly!
There is an escape hatch in the ceiling here.
The ogre hits you with a giant spiked club!
* * * LOW HITPOINT WARNING * * *
A mysterious force pulls you upwards. The hatch slams shut behind you.
You are too injured to fight recklessly!
Your chain mail prevents you from hitting the ogre.
The ogre is heavily wounded.
You hit the ogre.
The ogre is heavily wounded.
The ogre hits you with a giant spiked club!!
You die...

##### ##...########### #####
##.........>..... ###...#######
#......########## ....#.......#
#......# .##...#####.#####.#...##
.###.## #.........### .#
#.######....O..#.# ##
#.........###@.#.# ########(.#
#..#.# #### #...# #..#.# #...
######.#.###..#.# ###.##
#.............#.########.#.##
#####.####.#.###.##.##......#....
.................##.#............
#####.####.#.##..##.#..#######.#.
#.# #.#.##........# #...


You could see an ogre.

Vanquished Creatures
  Edmund (D:4)
  The ghost of LancerX0 the Firebug, an amateur DEFE (D:3)
  A phantom (D:4)
  A centaur (D:4)
  An ogre (D:5)
  A scorpion (D:4)
  A centaur zombie (D:4)
  2 hounds (D:4)
  An orc wizard (D:3)
  Crazy Yiuf (D:4)
  3 worker ants (D:4)
  3 adders
  3 oozes
  3 worms
  A giant gecko (D:3)
  4 orcs
  8 bats
  4 giant cockroaches
  6 goblins
  9 hobgoblins
  7 jackals
  4 kobolds
  5 quokkas
  3 giant newts
  A quokka skeleton (D:4)
  5 rats
80 creatures vanquished.

Vanquished Creatures (others)
  An orc (D:3)
1 creature vanquished.

Grand Total: 81 creatures vanquished

Notes
Turn   | Place    | Note
--------------------------------------------------------------
     0 | D:1      | Ellandar the Minotaur Fighter began the quest for the Orb.
     0 | D:1      | Reached XP level 1. HP: 19/19 MP: 0/0
   154 | D:1      | Reached skill level 3 in Maces & Flails
   249 | D:1      | Reached XP level 2. HP: 22/26 MP: 1/1
   502 | D:1      | Reached skill level 4 in Maces & Flails
   745 | D:2      | Reached XP level 3. HP: 31/31 MP: 2/2
  1290 | D:2      | Reached skill level 5 in Maces & Flails
  1404 | D:2      | Reached XP level 4. HP: 38/39 MP: 3/3
  1923 | D:3      | Noticed LancerX0's ghost (amateur DEFE)
  1932 | D:3      | Killed LancerX0's ghost
  1932 | D:3      | Reached skill level 6 in Maces & Flails
  1932 | D:3      | Reached XP level 5. HP: 44/45 MP: 4/4
  2040 | D:3      | Reached skill level 7 in Maces & Flails
  2708 | D:4      | Noticed Edmund
  2719 | D:4      | Killed Edmund
  2719 | D:4      | Reached skill level 8 in Maces & Flails
  2719 | D:4      | Reached XP level 6. HP: 24/51 MP: 5/5
  2894 | D:4      | Noticed Crazy Yiuf
  2900 | D:4      | Killed Crazy Yiuf
  3115 | D:4      | Reached skill level 9 in Maces & Flails
  3115 | D:4      | Reached XP level 7. HP: 46/57 MP: 6/6
  3247 | D:4      | Reached skill level 10 in Maces & Flails
  3571 | D:4      | Found a sparkling altar of Nemelex Xobeh.
  3875 | D:5      | Entered Level 5 of the Dungeon
  4133 | D:4      | Mangled by an ogre

Skill      XL: |  1  2  3  4  5  6  7 |
---------------+----------------------+-----
Maces & Flails | 3 4 5 6 8 9 10 | 10.6
Fighting       | |  3.6
Armour         | |  3.6
Shields        | |  3.6

Action                   |  1- 3 |  4- 6 |  7- 9 || total
-------------------------+-------+-------+-------++-------
Melee: Flail             |    90 |    55 |       ||   145
       Headbutt          |    11 |    16 |     8 ||    35
       Dire flail        |       |    17 |    63 ||    80
  Use: Potion            |       |     1 |       ||     1
       Scroll            |       |     7 |     1 ||     8
  Eat: Chunk             |     2 |     5 |     3 ||    10
Armor: Scale mail        |    46 |    15 |       ||    61
       Chain mail        |       |     8 |    24 ||    32
Dodge: Dodged            |    31 |    35 |    15 ||    81
Block: Shield            |    34 |       |       ||    34
       Buckler           |    14 |    18 |       ||    32
